[Event "Late-Titled-Tuesday-Blitz-February-13-2024"]
[Site "Chess.com"]
[Date "2024.02.13"]
[Round "7"]
[White "Jaka_Brilej"]
[Black "Alblooshi_Hamad"]
[Result "1-0"]
[WhiteElo "2535"]
[BlackElo "2260"]
[TimeControl "180+1"]
[EndTime "15:19:36 PST"]
[Termination "Jaka_Brilej won on time"]

1. e4 c5 2. Nf3 Nc6 3. Bb5 Qb6 4. Bxc6 Qxc6 5. d3 g6 6. O-O Bg7 7. c3 d6 8. h3 Nf6 9. e5 dxe5 10. Nxe5 Qc7 11. Re1 O-O 12. Na3 a6 13. Bf4 Qd8 14.
Nac4 Be6 15. Bh2 b5 16. Ne3 Nd5 17. Nc6 Qd7 18. Nxd5 Bxd5 19. Nxe7+ Kh8 20. Nxd5 Qxd5 21. Qc2 Rad8 22. Re3 Bh6 23. Rf3 f5 24. a4 Rfe8 25. axb5 axb5 26. Bc7 Rd7 27. Ba5 Rde7 28. c4 bxc4 29.
dxc4 Qd6 30. Rd1 Qe6 31. Re1 Qd6 32. Rxe7 Qxe7 33. g3 Ra8 34. Bc3+ Kg8 35. Qd3 Rd8 36. Qc2 Qd7 37. Kg2 Qd6 38. Qe2 Kf7 39. h4 Re8 40. Qd3 Qc6 41. Qd5+ Qxd5 42. cxd5 Rd8 43. Rd3 Bf8 44. Kf3 Re8 45. Bd2 Bg7 46. b3 Rd8 47. Bf4 Bd4 48. d6 Ke6 49. b4 Rd7 50. h5 Rd8 51. h6 Rd7 52. Ke2 Rd8 53. Kd1 Kd7 54. Kc2 Re8 55. Kb3 Re2 56. bxc5 Bxc5 57. Rd5 Bxf2 58.
Rb5 Re4 59. Rb7+ Ke6 60. d7 Rd4 61. Bg5 Rxd7 62. Rb6+ Rd6 63. Rb7 Bxg3 64. Rxh7 Rd3+ 65. Kc4 Be5 66. Re7+ Kd6 67. h7 Rh3 68. Rf7 Ke6 69. Re7+ Kd6 70. Kb5 Bd4 71. Kc4 1-0

[Event "Late-Titled-Tuesday-Blitz-February-13-2024"]
[Site "Chess.com"]
[Date "2024.02.13"]
[Round "7"]
[White "LiemLe"]
[Black "DeGrootteZ"]
[Result "1/2-1/2"]
[WhiteElo "3020"]
[BlackElo "2846"]
[TimeControl "180+1"]
[EndTime "15:19:37 PST"]
[Termination "Game drawn - insufficient material"]

1. Nf3 d5 2. e3 Nf6 3. c4 e6 4.
Nc3 c5 5. d4 a6 6. a3 dxc4 7. Bxc4 b5 8. Ba2 Bb7 9. O-O Nbd7 10.
Qe2 Bd6 11. Rd1 cxd4 12. exd4 O-O 13. Bg5 Rc8 14. Rd3 h6 15. Bh4 Qc7 16. Re1 Nh5 17.
Bg3 Nxg3 18. hxg3 b4 19. axb4 Bxb4 20. g4 Qa5 21. Rc1 Nf6 22. Ne5 Nd5 23. Bxd5 Bxd5 24.
g5 hxg5 25. Qh5 f6 26. Ng6 Be4 27. Rh3 Rfe8 28. Re1 Bxg6 29. Qxg6 Qf5 30. Qh5 Bxc3 31. bxc3 g4 32. Qxf5 exf5 33. Rxe8+ Rxe8 34. Rd3 Rc8 35. Kf1 Kf7 36. Ke2 Ke6 37. Re3+ Kd5 38. Kd3 a5 39. Re7 Ra8 40. c4+ Kd6 41. Re2 a4 42. Ra2 f4 43.
Ke4 g5 44. Kf5 Ke7 45. Kxg4 Ke6 46. Kf3 f5 47. Ke2 a3 48. Kd3 Kd6 49. Kc3 g4 50. Kb4 Rb8+ 51. Kxa3 Rb1 52. Rb2 Rg1 53. f3 g3 54. Kb4 Rd1 55. Kc3 Rf1 56. Rb6+ Kc7 57. Rf6 Rf2 58. Rxf5 Rxg2 59. Rxf4 Rf2 60. Kb4 Kd6 61.
d5 Rb2+ 62. Kc3 Rf2 63. Kd4 Rd2+ 64. Ke3 Rc2 65. Rg4 g2 66. Kd3 Rf2 67. Kd4 Rd2+ 68. Ke3 Rc2 69. Kd3 Rf2 70. Rg6+ Kc5 71. Ke3 Rc2 72. Kf4 Rxc4+ 73. Ke5 Rc2 74. d6 Re2+ 75. Kf5 Kc6 76. f4 Kd7 77. Kf6 Kxd6 78. f5 Kd5 79. Kf7 Ke4 80. f6 Kf3 81. Kg8 Ra2 82. f7 Ra8+ 83. f8=Q+ Rxf8+ 84. Kxf8 Kf2 85. Rxg2+ Kxg2 1/2-1/2

[Event "Late-Titled-Tuesday-Blitz-February-13-2024"]
[Site "Chess.com"]
[Date "2024.02.13"]
[Round "7"]
[White "Grossboss19"]
[Black "DonJuan_34"]
[Result "1/2-1/2"]
[WhiteElo "2621"]
[BlackElo "2496"]
[TimeControl "180+1"]
[EndTime "15:19:38 PST"]
[Termination "Game drawn - insufficient material"]

1. Nf3 Nf6 2. e3 g6 3. d4 Bg7 4. Bd3 O-O 5. O-O d6 6. c4 Nbd7 7. Re1 e5 8. Nc3 Re8 9. Nd2 exd4 10. exd4 Rxe1+ 11. Qxe1 Nf8 12. h3 Ne6 13. Nf3 d5 14. Be3 c6 15. Rd1 Nc7 16. Bg5 h6 17. Bh4 dxc4 18. Bxc4 Be6 19. Bxe6 Nxe6 20. d5 cxd5 21. Bxf6 Qxf6 22. Rxd5 Rd8 23. Rxd8+ Qxd8 24. Qd2 Qxd2 25. Nxd2 Nc5 26. Nc4 a6 27. Nd6 b5 28. Nd1 Nd3 29. b3 Nc1 30. a4 b4 31. Ne3 Nxb3 32. Nd5 a5 33. Nc4 Bc3 34. Ne7+ Kf8 35. Nc6 Nc5 36.
N4xa5 b3 37. Nc4 Nxa4 38. Na3 Nb6 39. Kf1 Nc4 40. Nxc4 b2 41. Na3 Kg7 42. Ke2 h5 43. Na7 g5 44. N7b5 Bb4 45. Nb1 Kg6 46. Nd4 g4 47. h4 f5 48. g3 f4 49. gxf4 Be7 50. f3 Bxh4 51. fxg4 hxg4 52. Ke3 Bg3 53. Ke4 Bxf4 54. Kxf4 g3 55. Kxg3 Kf6 56. Kf4 Kg6 57. Ke5 Kg5 58. Ne6+ Kg4 59. Ke4 Kg3 60. Nf4 Kf2 61.
Nd5 Ke2 62. Kd4 Kd1 63. Kd3 Ke1 64. Ne3 Kf2 65. Ke4 Ke2 66. Nc4 Kd1 67. Kd3 Kc1 68.
Nca3 Kd1 69. Ke3 Kc1 70. Kf2 Kd1 71. Nc3+ Kd2 72. Nab1+ Kd3 73. Ke1 Kc2 74. Ke2 Kb3 75. Kd3 Kb4 76. Kd4 Kb3 77. Kc5 Kc2 78. Kb4 Kd3 79.
Kb3 Kd4 80. Kxb2 1/2-1/2

[Event "Late-Titled-Tuesday-Blitz-February-13-2024"]
[Site "Chess.com"]
[Date "2024.02.13"]
[Round "7"]
[White "effefe"]
[Black "Savagelittlemole"]
[Result "0-1"]
[WhiteElo "2285"]
[BlackElo "2458"]
[TimeControl "180+1"]
[EndTime "15:20:01 PST"]
[Termination "Savagelittlemole won by checkmate"]

1. d4 Nf6 2. c4 c5 3. d5 e6 4. Nc3 exd5 5. cxd5 d6 6. e4 g6 7. f4 Bg7 8. Bb5+ Nfd7 9. a4 O-O 10.
Nf3 Na6 11. O-O Nb4 12. Re1 a6 13. Bf1 Re8 14. h3 Nf8 15. Be3 Rb8 16. Bf2 Bd7 17. e5 Bf5 18. Rc1 h5 19. Bg3 Rc8 20. Nh4 Qd7 21. Nxf5 Qxf5 22. e6 fxe6 23. dxe6 d5 24. e7 Ne6 25. Nxd5 Nxd5 26. Bc4 Bd4+ 27. Kh2 Rxe7 28. Qb3 Ndc7 29. Qxb7 Rce8 30. Re2 Kf8 31. Rf1 Nd8 32. Qf3 Rxe2 33. Bxe2 Re3 34. Qf2 h4 35. Bxh4 Rxh3+ 36. gxh3 Bxf2 37. Rxf2 Nde6 38. Bg4 Qd3 39. f5 gxf5 40. Bxf5 Qd4 41. Bxe6+ Ke8 42. Bg4 Nd5 43.
Re2+ Kf8 44. Bg3 Ne3 45. Rf2+ Kg7 46. Bh5 Qd5 47. Bf3 Qd4 48. Re2 Nf5 49. Bf2 Qf4+ 50. Kg2 Nh4+ 51. Bxh4 Qxh4 52. Re4 Qd8 53. b3 Qd2+ 54.
Kg3 Qd3 55. Rg4+ Kf6 56. Rf4+ Ke5 57. Re4+ Kd6 58. Re8 Qxb3 59. Rd8+ Ke7 60. Ra8 Qxa4 61.
Bb7 Qb3+ 62. Bf3 Qb6 63. Rc8 Qg6+ 64. Kf2 Qc2+ 65. Kg3 c4 66. Rc6 a5 67. h4 a4 68. h5 a3 69. Rc7+ Kd6 70. Rc6+ Kd7 71. h6 a2 72. Ra6 Qb2 73. h7 a1=Q 74. Bg4+ Kc7 75. Rxa1 Qxa1 76. Kf4 Qh8 77. Bf5 Kd6 78. Ke3 Kc5 79. Kd2 Kb4 80. Kc2 c3 81. Bg6 Qd4 82. Bd3 Qg7 83. Be4 Qf6 84. Kd3 Qd6+ 85. Kc2 Qd2+ 86.
Kb1 Qh2 87. Bc2 Ka3 88. Kc1 Qd2+ 89. Kb1 Qe1+ 90. Bd1 Qxd1# 0-1

[Event "Late-Titled-Tuesday-Blitz-February-13-2024"]
[Site "Chess.com"]
[Date "2024.02.13"]
[Round "7"]
[White "Smiechu"]
[Black "LLRChess"]
[Result "1-0"]
[WhiteElo "2437"]
[BlackElo "2564"]
[TimeControl "180+1"]
[EndTime "15:20:07 PST"]
[Termination "Smiechu won on time"]

1. e4 c5 2. Nf3 d6 3. d4 cxd4 4. Nxd4 Nf6 5. Nc3 Nc6 6. Be3 e5 7. Nb3 Be7 8. Qd2 Ng4 9. g3 Nxe3 10. Qxe3 O-O 11. O-O-O a5 12. a4 Nb4 13. f4 Bd7 14. Kb1 Rc8 15. fxe5 dxe5 16. Bb5 Nc6 17. Nc5 Bxc5 18.
Qxc5 Qc7 19. Nd5 Qb8 20. Nb6 Nd4 21. Nxc8 Rxc8 22. Qd5 Be6 23. Rxd4 Bxd5 24. Rxd5 Qc7 25. c3 Rd8 26. Rhd1 Rxd5 27. Rxd5 Kf8 28. Rd7 Qc5 29. Rxb7 Qg1+ 30. Ka2 Qxh2 31. Bc4 Qxg3 32. Rxf7+ Ke8 33. Ra7 Qe3 34. Rxa5 Qxe4 35. Rc5 h5 36. a5 h4 37. a6 Qa8 38. Rxe5+ Kd7 39. Rg5 h3 40. Rxg7+ Kd6 41. Rh7 Qe4 42. Rh6+ Kc5 43. Bb3 Qg2 44. a7 Qa8 45. Rh5+ Kb6 46. Rxh3 Qxa7+ 47. Kb1 Qg7 48. Rd3 Qg6 49. Bc2 Qg1+ 50. Ka2 Qg5 51. b4 Qg2 52. Kb2 Kb5 53. Kb3 Qg8+ 54. Kb2 Qg2 55. Re3 Kb6 56. Kb3 Qd2 57. Rd3 Qc1 58. c4 Qa1 59. Rd6+ Kc7 60. c5 Qe5 61. Bd3 Qe1 62. Kc4 Qc1+ 63.
Kd4 Qb2+ 64. Kc4 Qc1+ 65. Kb5 Qc3 66. Rc6+ Kd7 67. Bf5+ Ke7 68. Be4 Qa3 69. Bd5 Qa7 70.
Kc4 Qa2+ 71. Kd4 Qd2+ 72. Ke5 Qg5+ 73. Kd4 Qd2+ 74. Kc4 Qa2+ 75. Kb5 Qxd5 76. Kb6 Qb3 77. b5 Qa4 78. Rc7+ Kd8 79. Ra7 Qd4 80. Kc6 Qf6+ 81.
Kb7 Qd4 82. Kb6 1-0

[Event "Late-Titled-Tuesday-Blitz-February-13-2024"]
[Site "Chess.com"]
[Date "2024.02.13"]
[Round "7"]
[White "Alexei_Gubajdullin"]
[Black "delqate"]
[Result "1-0"]
[WhiteElo "2641"]
[BlackElo "2495"]
[TimeControl "180+1"]
[EndTime "15:20:13 PST"]
[Termination "Alexei_Gubajdullin won on time"]

1. Nf3 d5 2. g3 Nf6 3. Bg2 Bf5 4.
O-O h6 5. d3 e6 6. c4 c6 7. Qb3 Qb6 8. Be3 Qxb3 9. axb3 a6 10. Ne5 Nbd7 11. Bd4 Nxe5 12. Bxe5 Bb4 13. Na3 Ke7 14.
Nc2 Bd6 15. Bc3 e5 16. b4 dxc4 17. Ne3 Be6 18. Nxc4 Nd7 19. Nxd6 Kxd6 20. f4 f6 21.
fxe5+ Nxe5 22. Rf4 Rad8 23. h3 Rhe8 24. Rd4+ Ke7 25.
Rxd8 Rxd8 26. Kf2 Bd5 27. Bf1 Rd7 28. e4 Bf7 29. d4 Nc4 30. e5 fxe5 31. dxe5 Nb6 32. h4 Bc4 33. Bh3 Rd3 34. Bf5 Rd5 35. Be4 Rd8 36. g4 Bd5 37. Bg6 Bf7 38. Bf5 Be6 39. Kg3 h5 40. Bxe6 Kxe6 41. gxh5 Nd5 42.
Rg1 Nxc3 43. bxc3 Kxe5 44. Kf2 Kf6 45. Rg6+ Kf7 46. Ke3 Rd1 47. Rg5 Rh1 48. Rf5+ Ke7 49. Rf4 Ke6 50. Kd4 Kd6 51. Rg4 Rd1+ 52. Kc4 b5+ 53. Kb3 Rb1+ 54. Kc2 Rh1 55. Rxg7 Rxh4 56.
Rg5 Rh3 57. Kd2 Kc7 58. Rc5 Kb6 59. Rf5 a5 60. bxa5+ Kxa5 61. Kc2 Kb6 62. Kb3 Rh4 63. Rg5 Ka6 64. Kb2 Kb6 65. Kc2 Rh3 66. Kd2 Ka5 67. Re5 Ka4 68. Rc5 Kb3 69. Ke2 Rh2+ 70.
Kf3 Rh3+ 71. Kg4 Rh1 72. Kg5 Rg1+ 73. Kf6 Rf1+ 74. Rf5 Rh1 75. Rc5 Ka4 76. Kg6 b4 77.
cxb4 Kxb4 78. Rxc6 Rg1+ 79. Kh6 Rg2 80. Kh7 Rg1 81.
h6 Kb5 82. Rc2 Rg3 83. Kh8 Rg4 84. h7 Rg3 85. Rc8 Kb6 86. Rg8 Rf3 87. Kg7 Rg3+ 88. Kf7 Rf3+ 89. Ke6 Re3+ 90. Kd5 Rd3+ 91. Ke4 1-0

[Event "Late-Titled-Tuesday-Blitz-February-13-2024"]
[Site "Chess.com"]
[Date "2024.02.13"]
[Round "7"]
[White "VladimirKramnik"]
[Black "GoltsevDmitry2000"]
[Result "1/2-1/2"]
[WhiteElo "2933"]
[BlackElo "2787"]
[TimeControl "180+1"]
[EndTime "15:20:47 PST"]
[Termination "Game drawn - insufficient material"]

1. e4 e6 2. d4 d5 3. e5 c5 4. c3 Nc6 5. Nf3 Nge7 6. Na3 Nf5 7. Nc2 h5 8. Bd3 cxd4 9. cxd4 Be7 10. O-O g5 11. Be3 g4 12. Nd2 a6 13. Nb3 Rg8 14. Rc1 h4 15. Bxf5 exf5 16. Bf4 Be6 17. Qd2 Rc8 18.
Ne3 Qb6 19. Qd3 Qb5 20. Qb1 h3 21. Nxf5 hxg2 22. Rfe1 Kd7 23. Nd6 Bxd6 24. exd6 b6 25. Rxe6 Kxe6 26. Re1+ Kf6 27. Qh7 Rce8 28. Be5+ Nxe5 29.
dxe5+ Rxe5 30. Qh6+ Rg6 31. Qf4+ Rf5 32. Qd4+ Kg5 33.
Qe3+ Kh5 34. Nd4 Re6 35. Nxb5 Rxe3 36. fxe3 d4 37. Nxd4 Rd5 38. Kxg2 Rxd6 39. Rf1 f6 40. Rf5+ Kg6 41. Rf4 Kg5 42. Kg3 Rd5 43. Rxg4+ Kh6 44. Rf4 Kg6 45. h4 Re5 46. Kf3 Rc5 47. Rg4+ Kf7 48.
Rg7+ Kf8 49. Rf7+ Kxf7 50. Kf4 Rc1 51. Ke4 Rh1 52. Nf3 Ke6 53. Nd4+ Kf7 54. Nf5 Rh2 55. b4 Rxa2 56. Kd5 Rb2 57. Kc4 a5 58. b5 a4 59. Kc3 a3 60. Nd6+ Ke6 61. Nc4 Rh2 62.
Nxa3 Rxh4 63. Nc4 Rh5 64. Nxb6 Rxb5 65. Nc4 Rh5 66. Kd4 Rh4+ 67. Kd3 f5 68. Nd2 Rh8 69. Nf3 Kf6 70. Nd4 Ra8 71. Ke2 Kg5 72. Kf3 Ra6 73. Ne2 Rh6 74. Nf4 Rh1 75. Ne6+ Kf6 76.
Nf4 Rf1+ 77. Ke2 Ra1 78. Kf3 Ke5 79. Nd3+ Ke6 80. Nf4+ Kf6 81. Nd3 Ra3 82. Nf4 Rb3 83. Nd5+ Kg5 84. Nf4 Rb6 85. Nd5 Rd6 86. Nf4 Kh4 87.
Ng2+ Kh3 88. Nf4+ Kh2 89. Nh5 Rh6 90. Ng7 Rf6 91. Kf4 Kg2 92. Nxf5 Ra6 93. e4 Kf2 94.
e5 Ke2 95. e6 Rxe6 96. Nd4+ Kd3 97. Nxe6 1/2-1/2

[Event "Late-Titled-Tuesday-Blitz-February-13-2024"]
[Site "Chess.com"]
[Date "2024.02.13"]
[Round "8"]
[White "gxbg2000"]
[Black "DraningWaterHi"]
[Result "0-1"]
[WhiteElo "2050"]
[BlackElo "2221"]
[TimeControl "180+1"]
[EndTime "15:22:42 PST"]
[Termination "DraningWaterHi won by resignation"]

1. e4 e5 2. Nf3 Nc6 3. d4 exd4 4. Nxd4 Nf6 5. Nxc6 bxc6 6. Bd3 d5 7. exd5 cxd5 8. O-O Be7 9. Re1 O-O 10. h3 c6 11. b3 Nd7 12. Bb2 Bf6 13. Bxf6 Qxf6 14. Nd2 Nc5 15. Bf1 Ne6 16. Qf3 Qg6 17. Bd3 Qg5 18.
Re2 Nd4 19. Qe3 Nxe2+ 20. Qxe2 Bd7 21. Qf3 Qxd2 0-1

[Event "Late-Titled-Tuesday-Blitz-February-13-2024"]
[Site "Chess.com"]
[Date "2024.02.13"]
[Round "8"]
[White "Zavgorodniy_Sergiy"]
[Black "szachmistrz2500"]
[Result "1-0"]
[WhiteElo "2637"]
[BlackElo "2447"]
[TimeControl "180+1"]
[EndTime "15:23:18 PST"]
[Termination "Zavgorodniy_Sergiy won by resignation"]

1. d4 d5 2. c4 c6 3. e3 Nf6 4.
Bd3 a6 5. Nd2 b5 6. b3 Bg4 7.
Ngf3 Nbd7 8. Qc2 e6 9. Bb2 Be7 10. O-O O-O 11. Ne5 Qc7 12. Bxh7+ Kh8 13. Bd3 Nxe5 14.
dxe5 Nd7 15. f4 f5 16. h3 Bh5 17. cxd5 exd5 18. Bxf5 Qb6 19. Bxd7 1-0

[Event "Late-Titled-Tuesday-Blitz-February-13-2024"]
[Site "Chess.com"]
[Date "2024.02.13"]
[Round "8"]
[White "Doudou2015"]
[Black "MoreChessJulia"]
[Result "1-0"]
[WhiteElo "2187"]
[BlackElo "2052"]
[TimeControl "180+1"]
[EndTime "15:23:28 PST"]
[Termination "Doudou2015 won by resignation"]

1. b3 Nf6 2. Bb2 e6 3. e3 b6 4. f4 Bb7 5. Nf3 d5 6. Ne5 Nbd7 7. Bb5 Bd6 8. Nxd7 Nxd7 9. Qh5 O-O 10. O-O a6 11. Bd3 g6 12. Qh6 Nf6 13. Rf3 Re8 14.
Rh3 Bf8 15. Qh4 h5 16. Bxf6 1-0

[Event "Late-Titled-Tuesday-Blitz-February-13-2024"]
[Site "Chess.com"]
[Date "2024.02.13"]
[Round "8"]
[White "HajiyevKanan"]
[Black "Viktor_Poddubnyi"]
[Result "0-1"]
[WhiteElo "2466"]
[BlackElo "2287"]
[TimeControl "180+1"]
[EndTime "15:23:46 PST"]
[Termination "Viktor_Poddubnyi won by resignation"]

1. d4 g6 2. Nf3 Bg7 3. c4 c5 4.
d5 f5 5. h4 Nf6 6. Nc3 d6 7. Bg5 h6 8. Bf4 Nbd7 9. e3 Ng4 10.
Qc2 Nde5 11. Nd2 Bd7 12. h5 g5 13. Bg3 O-O 14. Be2 f4 15. exf4 gxf4 16. Bh4 Bf5 17. Nb3 Bxc2 0-1

[Event "Late-Titled-Tuesday-Blitz-February-13-2024"]
[Site "Chess.com"]
[Date "2024.02.13"]
[Round "8"]
[White "Inepton_Fermion"]
[Black "rdarruda"]
[Result "1-0"]
[WhiteElo "2385"]
[BlackElo "2507"]
[TimeControl "180+1"]
[EndTime "15:24:09 PST"]
[Termination "Inepton_Fermion won by resignation"]

1. Nf3 d5 2. b3 Nf6 3. Bb2 g6 4. c4 Bg7 5. g3 O-O 6. cxd5 Nxd5 7. Bxg7 Kxg7 8. d4 Nc6 9. Bg2 Bg4 10. Nbd2 a5 11. h3 Bxf3 12. Nxf3 e6 13. O-O Nb6 14. Qc2 a4 15. Rac1 axb3 16. axb3 Rc8 17. Rfd1 Ne7 18. Ne5 c6 19. Nc4 Nxc4 20. bxc4 Qd7 21. Qb2 b5 22. d5+ Kg8 23. dxc6 Qc7 24. Rd7 Qb6 25. Rxe7 1-0

[Event "Late-Titled-Tuesday-Blitz-February-13-2024"]
[Site "Chess.com"]
[Date "2024.02.13"]
[Round "8"]
[White "GoltsevDmitry2000"]
[Black "DenLaz"]
[Result "0-1"]
[WhiteElo "2784"]
[BlackElo "3059"]
[TimeControl "180+1"]
[EndTime "15:24:20 PST"]
[Termination "DenLaz won by resignation"]

1. e4 c5 2. Nf3 e6 3. b3 Nc6 4.
Bb2 a6 5. d4 cxd4 6. Nxd4 Qf6 7. c3 Bc5 8. Nf3 Qg6 9. Nbd2 Nf6 10. Qc2 Ng4 11. Nd4 e5 12. f3 Ne3 13. Qd3 exd4 14. b4 Ba7 15. g3 O-O 16. a3 d5 17. cxd4 Nxf1 18. Rxf1 Bh3 19. Rf2 Rad8 20. e5 Qxd3 0-1

[Event "Late-Titled-Tuesday-Blitz-February-13-2024"]
[Site "Chess.com"]
[Date "2024.02.13"]
[Round "8"]
[White "SpeedofLight0"]
[Black "AryanTari"]
[Result "1-0"]
[WhiteElo "3056"]
[BlackElo "2950"]
[TimeControl "180+1"]
[EndTime "15:24:37 PST"]
[Termination "SpeedofLight0 won by checkmate"]

1. e4 e5 2. Nf3 Nc6 3. Bb5 Nf6 4. O-O Nxe4 5. d4 Nd6 6. dxe5 Nxb5 7. a4 Nbd4 8. Nxd4 d5 9. Nxc6 bxc6 10. Qd3 Qd7 11. Nd2 c5 12. c4 c6 13. f4 g6 14. f5 gxf5 15. Nf3 Ba6 16. Qc3 Bg7 17. b3 dxc4 18. bxc4 Qe6 19. Bg5 Qxc4 20. Qa5 Bc8 21.
Qd8# 1-0

[Event "Late-Titled-Tuesday-Blitz-February-13-2024"]
[Site "Chess.com"]
[Date "2024.02.13"]
[Round "8"]
[White "Doomfist26"]
[Black "tptagain"]
[Result "0-1"]
[WhiteElo "2650"]
[BlackElo "2870"]
[TimeControl "180+1"]
[EndTime "15:24:53 PST"]
[Termination "tptagain won by resignation"]

1. e4 c5 2. Nf3 Nc6 3. Bb5 e6 4. O-O Nge7 5. d4 cxd4 6. Nxd4 Qb6 7. Bxc6 Nxc6 8. Nb3 Be7 9. c4 O-O 10. Nc3 d6 11.
Be3 Qc7 12. Rc1 Ne5 13. c5 dxc5 14. Bf4 b6 15. Qh5 f6 16. Nb5 Qc6 17. N3d4 Qxe4 18. Rfe1 Qxf4 0-1

[Event "Late-Titled-Tuesday-Blitz-February-13-2024"]
[Site "Chess.com"]
[Date "2024.02.13"]
[Round "8"]
[White "Rodalquilar"]
[Black "Jaka_Brilej"]
[Result "1-0"]
[WhiteElo "2767"]
[BlackElo "2532"]
[TimeControl "180+1"]
[EndTime "15:25:00 PST"]
[Termination "Rodalquilar won by resignation"]

1. d4 Nf6 2. Nf3 g6 3. Bf4 Bg7 4. e3 O-O 5. Be2 d6 6. O-O b6 7.
h3 Bb7 8. Bh2 Nbd7 9. a4 a5 10.
Nbd2 e6 11. c3 Qe7 12. Bd3 e5 13. e4 exd4 14. cxd4 Nxe4 15. Nxe4 Bxe4 16. Re1 d5 17. Nd2 Qd8 18. Nxe4 dxe4 19. Bxe4 Ra7 20. Bc6 Nb8 21. d5 Nxc6 22. dxc6 Qf6 23. Qc2 Qxb2 24. Qxb2 Bxb2 25. Rad1 b5 26. axb5 a4 27. Re7 a3 28. Rxc7 Rxc7 29. Bxc7 a2 30. b6 a1=Q 31. Rxa1 Bxa1 32. b7 Bd4 33.
b8=Q Rxb8 34. Bxb8 Kf8 35. c7 1-0

[Event "Late-Titled-Tuesday-Blitz-February-13-2024"]
[Site "Chess.com"]
[Date "2024.02.13"]
[Round "8"]
[White "MyDream003"]
[Black "ChristopherYoo"]
[Result "0-1"]
[WhiteElo "2750"]
[BlackElo "2965"]
[TimeControl "180+1"]
[EndTime "15:25:05 PST"]
[Termination "ChristopherYoo won by resignation"]

1. e4 e6 2. d4 d5 3. Nc3 Bb4 4. e5 Ne7 5. a3 Bxc3+ 6. bxc3 c5 7. Qg4 Qc7 8. Bd3 cxd4 9. Ne2 dxc3 10. Qxg7 Rg8 11.
Qxh7 Nbc6 12. O-O Qxe5 13. Bf4 Qf6 14. Qh6 Qxh6 15. Bxh6 e5 16. Nxc3 Bh3 17. g3 Bxf1 18. Bxf1 Nf5 19. Bd2 Rd8 20. Rb1 Rd7 21. Na4 Nfd4 22.
Bc3 b6 23. Bxd4 Nxd4 24. c3 Nf3+ 25. Kg2 Nd2 26. Re1 Nxf1 27. Kxf1 f6 28. Nb2 Kf7 29. Nd3 Rc8 30. Rc1 Rdc7 31. Nb4 Rxc3 32. Rxc3 Rxc3 33. Nxd5 Rxa3 34. h4 b5 35. h5 a5 36. h6 Kg6 37. h7 Kxh7 0-1

[Event "Late-Titled-Tuesday-Blitz-February-13-2024"]
[Site "Chess.com"]
[Date "2024.02.13"]
[Round "8"]
[White "Nouali_Mohamed"]
[Black "picturesquecheck"]
[Result "1-0"]
[WhiteElo "2557"]
[BlackElo "2400"]
[TimeControl "180+1"]
[EndTime "15:25:18 PST"]
[Termination "Nouali_Mohamed won by resignation"]

1. e4 c5 2. Nf3 d6 3. d4 cxd4 4.
Nxd4 Nf6 5. Nc3 Nc6 6. Bc4 Qb6 7. Ndb5 a6 8. Be3 Qa5 9. Nd4 Bd7 10. Bb3 e6 11. f3 Be7 12. Qd2 O-O 13. g4 Rfc8 14. h4 Nxd4 15. Bxd4 Bc6 16. h5 h6 17. Be3 Nd7 18. O-O-O Ne5 19. Qf2 Bb5 20. Bb6 Qb4 21. a3 Bg5+ 22. Kb1 1-0

[Event "Late-Titled-Tuesday-Blitz-February-13-2024"]
[Site "Chess.com"]
[Date "2024.02.13"]
[Round "8"]
[White "bazar-wokzal"]
[Black "stollenmonster"]
[Result "1-0"]
[WhiteElo "2673"]
[BlackElo "2856"]
[TimeControl "180+1"]
[EndTime "15:25:28 PST"]
[Termination "bazar-wokzal won by resignation"]

1. e4 c5 2. c3 b6 3. d4 Bb7 4. Bd3 g6 5. Nf3 Bg7 6. O-O Nf6 7. e5 Nd5 8. Be4 Ne3 9. fxe3 Bxe4 10. Ng5 Bxb1 11.
Nxf7 Qc7 12. Nxh8 Bf5 13. Qf3 Qc6 14. d5 Qb5 15. e4 Bxh8 16. exf5 Na6 17. d6 O-O-O 18.
dxe7 1-0

[Event "Late-Titled-Tuesday-Blitz-February-13-2024"]
[Site "Chess.com"]
[Date "2024.02.13"]
[Round "8"]
[White "LastHeroJr"]
[Black "Grossboss19"]
[Result "0-1"]
[WhiteElo "2493"]
[BlackElo "2626"]
[TimeControl "180+1"]
[EndTime "15:25:28 PST"]
[Termination "Grossboss19 won by resignation"]

1. e4 c5 2. Nc3 a6 3. g3 b5 4. Bg2 Bb7 5. d3 e6 6. f4 d5 7.
e5 f6 8. Nf3 Nd7 9. O-O Qb6 10.
Ne2 Ne7 11. c3 Nc6 12. d4 Be7 13. Be3 O-O 14. Bf2 a5 15. dxc5 Bxc5 16. Ned4 Nxd4 17. cxd4 Be7 18. exf6 gxf6 19. Re1 f5 20. Ne5 Nf6 21. Rc1 Rac8 22. Rxc8 Rxc8 23. g4 Ne4 24. gxf5 exf5 25. Bxe4 dxe4 26. Qh5 Qf6 27. Re3 Bd5 28. Rg3+ Kh8 29.
Ng6+ Qxg6 30. Rxg6 Rc1+ 31. Kg2 e3+ 32. Kh3 exf2 0-1

[Event "Late-Titled-Tuesday-Blitz-February-13-2024"]
[Site "Chess.com"]
[Date "2024.02.13"]
[Round "8"]
[White "InadaC"]
[Black "Boninknights"]
[Result "0-1"]
[WhiteElo "2238"]
[BlackElo "2366"]
[TimeControl "180+1"]
[EndTime "15:25:30 PST"]
[Termination "Boninknights won by resignation"]

1. d4 Nf6 2. c4 e6 3. Nc3 Bb4 4.
f3 c5 5. d5 Nh5 6. e4 Qh4+ 7. Ke2 Ng3+ 8. hxg3 Qxh1 9. Be3 Qh5 10.
g4 Qg6 11. Nh3 f5 12. Nf4 Qf7 13. dxe6 dxe6 14. gxf5 exf5 15. Ncd5 fxe4 16. Nxb4 cxb4 17. Qa4+ Nc6 18. Qc2 exf3+ 19. gxf3 Bf5 20. Qa4 O-O 21. Bg2 Rae8 22. Kf2 Bd7 23. Qc2 Rxe3 24. Kxe3 Qxf4+ 25. Kf2 Nd4 26. Qd3 Bc6 27. Rh1 g6 28. Rh3 Nxf3 29.
Bxf3 Qxf3+ 30. Rxf3 Rxf3+ 31. Qxf3 Bxf3 32. Kxf3 Kf7 33. Ke4 Ke6 34. Kf4 h6 0-1

[Event "Late-Titled-Tuesday-Blitz-February-13-2024"]
[Site "Chess.com"]
[Date "2024.02.13"]
[Round "8"]
[White "Beca95"]
[Black "el008"]
[Result "1-0"]
[WhiteElo "2873"]
[BlackElo "2557"]
[TimeControl "180+1"]
[EndTime "15:25:37 PST"]
[Termination "Beca95 won by resignation"]

1. a4 e5 2. b3 Nc6 3. Bb2 d5 4. e3 Nf6 5. Bb5 Bd6 6. d3 O-O 7. Bxc6 bxc6 8. Nd2 a5 9. e4 dxe4 10. Nxe4 Nxe4 11. dxe4 Qg5 12. Nf3 Qxg2 13. Rg1 Qh3 14. Qd3 Ba6 15. Qe3 f6 16. O-O-O Qe6 17. Rg3 Kh8 18. Rdg1 Rf7 19. Nh4 c5 20. c4 Bb7 21.
Nf5 Bf8 22. Rh3 Rd8 23. Rxh7+ Kxh7 24. Qh3+ Kg8 25. Nh6+ Kh7 26. Qxe6 Rfd7 27. Qg8+ 1-0

[Event "Late-Titled-Tuesday-Blitz-February-13-2024"]
[Site "Chess.com"]
[Date "2024.02.13"]
[Round "8"]
[White "elgrona"]
[Black "scandalgod"]
[Result "0-1"]
[WhiteElo "2332"]
[BlackElo "2515"]
[TimeControl "180+1"]
[EndTime "15:25:38 PST"]
[Termination "scandalgod won by resignation"]

1. Nf3 d5 2. b3 Nf6 3. Bb2 Bf5 4.
g3 e6 5. Bg2 Be7 6. O-O h6 7.
c4 O-O 8. d3 c6 9. Nbd2 Bh7 10.
a3 Nbd7 11. Ra2 Re8 12. Qa1 Bd6 13. b4 Qe7 14. Rc1 e5 15. cxd5 cxd5 16. Re1 e4 17. Nd4 e3 18. Nf1 exf2+ 19. Kxf2 Ne5 20. Kg1 Neg4 21. Bc1 a5 22. h3 Ne5 23. Nb5 axb4 24. Nxd6 Qxd6 25. axb4 Rxa2 26. Qxa2 Nxd3 0-1

[Event "Late-Titled-Tuesday-Blitz-February-13-2024"]
[Site "Chess.com"]
[Date "2024.02.13"]
[Round "8"]
[White "andjela_djidjika"]
[Black "koncheto"]
[Result "1-0"]
[WhiteElo "2154"]
[BlackElo "2464"]
[TimeControl "180+1"]
[EndTime "15:25:47 PST"]
[Termination "andjela_djidjika won by checkmate"]

1. e4 e5 2. Bc4 Nf6 3. d4 exd4 4. Nf3 d6 5. Ng5 d5 6. exd5 b5 7. Bxb5+ c6 8. dxc6 Qd5 9. Qe2+ Be7 10. Bc4 Qxg2 11. Bxf7+ Kd8 12. c7+ Kxc7 13. Qxe7+ Kb6 14. Qb4+ Kc7 15.
Bf4+ Kc6 16. Qd6+ Kb7 17. Qc7+ Ka6 18. Bc4# 1-0

[Event "Late-Titled-Tuesday-Blitz-February-13-2024"]
[Site "Chess.com"]
[Date "2024.02.13"]
[Round "8"]
[White "Ready4abattle"]
[Black "yuriydovzik"]
[Result "0-1"]
[WhiteElo "2231"]
[BlackElo "2114"]
[TimeControl "180+1"]
[EndTime "15:25:52 PST"]
[Termination "yuriydovzik won by resignation"]

1. e4 Nf6 2. e5 Nd5 3. d4 d6 4. Nf3 c6 5. Be2 g6 6. O-O Bg7 7.
Re1 O-O 8. c3 Bg4 9. h3 Bxf3 10.
Bxf3 dxe5 11. dxe5 e6 12. Qb3 Qc7 13. c4 Ne7 14. Bf4 Nd7 15. Qc3 Nf5 16. Nd2 c5 17.
Nb3 Rad8 18. Re2 Nb8 19. Rae1 Nd4 20. Nxd4 cxd4 21. Qb3 Nc6 22. Bg3 d3 23. Rd2 Nd4 24. Qxd3 Nxf3+ 0-1